 Dungeon Crawl Stone Soup version 0.22-a0-407-gb098539 (webtiles) character file.

15 dstrtnsr the Skirmisher (level 2, 0/27 HPs)
             Began as a Hill Orc Fighter on May 10, 2018.
             Slain by dstrtnsr's ghost (10 damage)
             ... on level 3 of the Dungeon.
             The game lasted 00:00:33 (426 turns).

dstrtnsr the Skirmisher (Hill Orc Fighter)           Turns: 426, Time: 00:00:34

Health: 0/27       AC:  6    Str: 18    XL:     2   Next: 50%
Magic:  2/2        EV:  7    Int:  8    God:
Gold:   10         SH:  9    Dex: 10    Spells: 1/1 levels left

rFire    . . .     SeeInvis .   a - +0 war axe
rCold    . . .     Gourm    .   c - +0 shield
rNeg     . . .     Faith    +   b - +0 scale mail
rPois    .         Spirit   .   (no helmet)
rElec    .         Reflect  .   (no cloak)
rCorr    .         Harm     .   (no gloves)
MR       .....                  (no boots)
Stlth    ..........             j - amulet of faith
HPRegen  0.09/turn              (no ring)
MPRegen  0.08/turn              (no ring)

@: no status effects
A: no striking features
a: no special abilities


You were on level 3 of the Dungeon.
You were not hungry.

You visited 1 branch of the dungeon, and saw 3 of its levels.

You collected 10 gold pieces.

Inventory:

Hand Weapons
 a - a +0 war axe (weapon)
Armour
 b - a +0 scale mail (worn)
 c - a +0 shield (worn)
Jewellery
 j - an amulet of faith (around neck)
Scrolls
 f - 2 scrolls of teleportation {unknown}
 i - 3 scrolls of identify {unknown}
Potions
 d - a potion of might
 g - a potion of haste {unknown}
Comestibles
 e - a ration {!d}


   Skills:
 + Level 3.9 Fighting
 * Level 3.5 Axes
 - Level 3.2 Armour
 + Level 3.5 Shields


You had one spell level left.
You didn't know any spells.

Dungeon Overview and Level Annotations

Branches:
Dungeon (3/15)

Altars:

Annotations:
D:3 dstrtnsr's ghost, amateur HOBe


Message History

You block the bat's attack.
Found a scroll labeled EHASTAMIOHO.
The bat hits you but does no damage. The bat closely misses you.
The bat barely misses you. You block the bat's attack.
You block the goblin's attack. You block the bat's attack.
You slash the goblin!
You kill the goblin!
You closely miss the bat. The bat hits you but does no damage.
You block the bat's attack.
Dstrtnsr's ghost whispers, "The ORB doesn't exist."
You block the bat's attack. The bat barely misses you.
You see here a club.
You block the bat's attack. You block the bat's attack.
You block the bat's attack.
You see here a scroll labeled EHASTAMIOHO.
The bat hits you but does no damage. You block the bat's attack.
The bat hits you but does no damage. The bat closely misses you.
You block the bat's attack. You block the bat's attack.
A kobold comes into view. It is wielding a whip.
You block the bat's attack. x2
A jackal comes into view.
The jackal barks!
You hear a shout!
You block the bat's attack.
Found 8 gold pieces.
The bat barely misses you. You block the bat's attack.
A ball python comes into view.
An adder comes into view.
The adder hisses angrily.
The ball python hisses angrily.
The bat hits you but does no damage.
A hobgoblin comes into view. It is wielding a club.
You closely miss the jackal. You miss the bat.
The hobgoblin shouts!
You block the bat's attack. The bat barely misses you.
You block the bat's attack. You block the jackal's attack.
The hobgoblin moves out of view.
The jackal bites you but does no damage.
All of the chunks of flesh in your inventory have rotted away.
An orc comes into view.
Your shield and scale mail prevent you from hitting the jackal.
You hit the bat.
You kill the bat!
The jackal bites you but does no damage.
You block the jackal's attack. The kobold barely misses you.
You completely miss the jackal. You hit the kobold.
You kill the kobold!
The jackal bites you but does no damage.
You block the jackal's attack.
You barely miss the jackal. You slash dstrtnsr's ghost!
The jackal barely misses you.
Dstrtnsr's ghost hits you but does no damage.
The jackal bites you but does no damage.
A ball python and a jackal come into view.
You barely miss the jackal.
The ball python hisses angrily.
The jackal barks!
You hit dstrtnsr's ghost.
The jackal bites you but does no damage.
Dstrtnsr's ghost hits you! You block the jackal's attack.
Dstrtnsr's ghost hits you but does no damage.
A jackal comes into view.
You closely miss the jackal. You closely miss dstrtnsr's ghost.
The jackal barks!
The jackal bites you. You block dstrtnsr's ghost's attack.
The jackal closely misses you.
Your shield prevents you from hitting the jackal.
You closely miss dstrtnsr's ghost. You block the jackal's attack.
Dstrtnsr's ghost hits you.
The jackal bites you but does no damage.
Dstrtnsr's ghost hits you but does no damage.
You hit the jackal.
The jackal is moderately wounded.
You completely miss dstrtnsr's ghost. The jackal bites you.
Dstrtnsr's ghost shrieks, "You must not fail where I succeeded!"
Dstrtnsr's ghost hits you.
The jackal bites you but does no damage.
Sorry, you're not good enough to have a special ability.
You hit dstrtnsr's ghost.
Dstrtnsr's ghost is moderately damaged.
You closely miss the jackal. You block the jackal's attack.
Dstrtnsr's ghost barely misses you.
The jackal bites you but does no damage.
Dstrtnsr's ghost hits you but does no damage.
You slash the jackal!
You kill the jackal!
You closely miss dstrtnsr's ghost. Dstrtnsr's ghost hits you.
What are your orders? t - Shout!
Orders for allies: a - Attack new target. r - Retreat! s - Stop attacking. g - Guard the area. f - Follow me.
Anything else - Cancel.
Okay, then.
You hit the hobgoblin.
The hobgoblin is almost dead.
You hit dstrtnsr's ghost.
The hobgoblin hits you but does no damage.
Dstrtnsr's ghost hits you!
You die...

. ...
..#oh#########
#$.SSg@W....#
#...S####.##.#
... #.##.# .
#.##.# #.##W#
#.#?.# ..#.##
.##.# #)#


You could see dstrtnsr's ghost, an adder, an orc, a jackal, a hobgoblin and 2
ball pythons.

Vanquished Creatures
  A worm (D:2)
  A giant cockroach (D:2)
  2 goblins
  A hobgoblin (D:2)
  A jackal (D:3)
  2 kobolds
  A bat (D:3)
  2 frilled lizards (D:1)
  A rat (D:1)
12 creatures vanquished.

Notes
Turn   | Place    | Note
-------+----------+-------------------------------------------
     0 | D:1      | dstrtnsr the Hill Orc Fighter began the quest for the Orb.
     0 | D:1      | Reached XP level 1. HP: 19/19 MP: 1/1
   195 | D:2      | Reached XP level 2. HP: 16/27 MP: 2/2
   390 | D:3      | Noticed dstrtnsr's ghost (amateur HOBe)
   423 | D:3      | HP: 10/27 [dstrtnsr's ghost (1)]
   426 | D:3      | Slain by dstrtnsr's ghost

Vault maps used:
D:1:      scummos_arrival_star, minmay_pentomino_p2
D:2:      uniq_crazy_yiuf_cottage
D:3:      nicolae_overflow_hidden_temple, minivault_26, uniq_terence

Skill      XL: |  1 |
---------------+----+-----
Axes           | 3 |  3.5
Fighting       | |  3.9
Armour         | |  3.2
Shields        | |  3.5

Action                   || total
-------------------------++-------
Melee: War axe           ||    48
Armor: Scale mail        ||    40
Dodge: Dodged            ||    29
Block: Shield            ||    52

Table legend:
 A = Spawn XP
 B = Non-spawn XP
 C = Spawn XP percentage of total XP
 D = Spawn monster count
 E = Non-spawn monster count
 F = Spawn count percentage of total count
 G = Total turns spent on level
                    A         B        C        D         E        F      G
               +---------+---------+-------+---------+---------+-------+---------
         Total |       0 |      22 |   0.0 |       0 |      12 |   0.0 |   426
               +---------+---------+-------+---------+---------+-------+---------
           D:1 |       0 |       7 |   0.0 |       0 |       5 |   0.0 |   144
           D:2 |       0 |       9 |   0.0 |       0 |       3 |   0.0 |   246
           D:3 |       0 |       6 |   0.0 |       0 |       4 |   0.0 |    36
               +---------+---------+-------+---------+---------+-------+---------
